 Dungeon Crawl Stone Soup version 0.27-a0-522-g46bbb28828 (webtiles) character file.

Game seed: 18257795349102083680

6730 srzhan31 the Conjurer (level 10, -3/84 HPs)
             Began as a Grey Draconian Conjurer on Mar 4, 2021.
             Was a Priest of Sif Muna.
             Killed from afar by Jorgrun (16 damage)
             ... with an iron shot
             ... while petrified by Jorgrun
             ... on level 2 of the Orcish Mines.
             The game lasted 01:04:57 (9425 turns).

srzhan31 the Conjurer (Grey Draconian Conjurer)     Turns: 9425, Time: 01:04:57

Health: -3/84      AC: 15    Str: 16    XL:     10   Next: 75%
Magic:  18/18      EV:  2    Int: 21    God:    Sif Muna [***...]
Gold:   920        SH:  0    Dex: 12    Spells: 6/20 levels left

rFire    . . .     SeeInvis .   G - +4 scythe (flame)
rCold    . . .     Faith    .   (shield currently unavailable)
rNeg     + + +     Spirit   .   (armour unavailable)
rPois    ∞         Reflect  +   (helmet restricted)
rElec    .         Harm     .   k - +0 cloak
rCorr    .         Rampage  .   A - +1 pair of gloves of Agnosticism {rPois Dex+2}
Will     .....                  (no boots)
Stlth    ++........             d - amulet of reflection
HPRegen  0.24/turn              s - +6 ring of strength
MPRegen  0.16/turn              x - ring of wizardry

@: petrified
A: unfitting armour, unbreathing 2, cold-blooded, AC +12
a: Renounce Religion, Channel Magic, Forget Spell


You were on level 2 of the Orcish Mines.
You worshipped Sif Muna.
Sif Muna was most pleased with you.
You visited 3 branches of the dungeon, and saw 12 of its levels.

You collected 920 gold pieces.

Inventory:

Hand Weapons
 o - a +1 spear of freezing
 G - a +4 scythe of flaming (weapon)
 H - a +2 whip of electrocution
 L - the +2 dagger of Imminent Death {vorpal, Will- Dex+5}
   (You found it on level 8 of the Dungeon)

   It inflicts extra damage upon your enemies.
   It affects your dexterity (+5).
   It affects your willpower, your defense against some magical effects.
Missiles
 i - 291 stones
Armour
 k - a +0 cloak (worn)
 A - the +1 pair of gloves of Agnosticism (worn) {rPois Dex+2}
   (You found it on level 4 of the Dungeon)

   It affects your dexterity (+2).
   It protects you from poison.
Magical Staves
 F - a staff of poison
Jewellery
 d - an amulet of reflection (around neck)
 s - a +6 ring of strength (left hand)
 x - a ring of wizardry (right hand)
 N - an amulet of regeneration
 O - an amulet of faith
Wands
 c - a wand of iceblast (8)
 w - a wand of acid (6)
 z - a wand of flame (45)
 M - a wand of charming (6)
Scrolls
 a - 3 scrolls of noise
 f - 2 scrolls of immolation
 m - a scroll of fear
 n - 3 scrolls of amnesia
 p - 4 scrolls of magic mapping
 q - a scroll of random uselessness {unknown}
 v - a scroll of enchant weapon {unknown}
 y - a scroll of blinking {unknown}
 B - 2 scrolls of fog {unknown}
 C - a scroll of teleportation
 I - a scroll of acquirement {unknown}
 K - a scroll of holy word {unknown}
Potions
 b - 6 potions of curing
 e - 3 potions of heal wounds
 g - a potion of magic {unknown}
 h - 3 potions of flight
 j - 2 potions of berserk rage {unknown}
 l - a potion of mutation {unknown}
 r - 3 potions of haste
 t - a potion of brilliance {unknown}
 u - a potion of resistance {unknown}
 D - a potion of attraction {unknown}
 E - a potion of degeneration {unknown}
 J - 2 potions of lignification {unknown}


   Skills:
 * Level 6.4 Fighting
 + Level 7.3 Polearms
 * Level 6.4 Dodging
 - Level 2.3 Stealth
 - Level 5.0 Shields
 * Level 5.8 Spellcasting
 * Level 7.7 Conjurations
 + Level 0.3 Hexes
 * Level 3.9 Fire Magic
 * Level 1.1 Poison Magic
 * Level 2.4 Invocations


You had 6 spell levels left.
You knew the following spells:

 Your Spells              Type           Power        Failure   Level
a - Magic Dart            Conj           100%         1%          1
b - Searing Ray           Conj           76%          1%          2
c - Fulminant Prism       Conj/Hex       11%          8%          4
d - Foxfire               Conj/Fire      100%         1%          1
e - Fireball              Conj/Fire      15%          11%         5
f - Sting                 Tmut/Pois      32%          3%          1

Your spell library contained the following spells:

 Spells                   Type           Power        Failure   Level
 Conjure Flame            Conj/Fire      30%          1%          3
 Dazzling Flash           Conj/Hex       46%          2%          3
 Mephitic Cloud           Conj/Pois/Air  18%          3%          3
 Sticky Flame             Conj/Fire      30%          3%          4
 Apportation              Tloc           12%          4%          1
 Poisonous Vapours        Pois/Air       16%          4%          2
 Inner Flame              Hex/Fire       15%          4%          3
 Iskenderun's Mystic Bla  Conj/Tloc      22%          9%          4
 Dispersal                Tloc           3%           99%         6
 Malign Gateway           Summ/Tloc      3%           100%        7


Dungeon Overview and Level Annotations

Branches:
Dungeon (9/15)             Temple (1/1) D:6             Orc (2/2) D:9
    Elf (0/3) Orc:2
   Lair: D:8-11

Altars:
Ashenzari
Cheibriados
Dithmenos
Elyvilon
Fedhas
Gozag
Hepliaklqana
Kikubaaqudgha
Makhleb
Nemelex Xobeh
Okawaru
Qazlal
Ru
Sif Muna
Trog
Uskayaw
Vehumet
Wu Jian
Xom
Yredelemnul
Zin
The Shining One

Shops:
D:9 (

Annotations:
Orc:2 Azrael, Jorgrun


Innate Abilities, Weirdness & Mutations

Your dull iron-grey scales are very hard. (AC +12)
You cannot fit into any form of body armour.
You can survive without breathing, even under water.
You are cold-blooded and may be slowed by cold attacks.


Message History

Okay, then.
Casting: Searing Ray (safe; 1% risk of failure)
Confirm with . or Enter, or press ? or * to list all spells.
Aiming: Sting (safe; 3% risk of failure)
Press: ? - help, Shift-Dir - straight line, f - Jorgrun
Aim: Jorgrun, wielding a +0 vorpal quarterstaff and wearing a +0 robe (52% to evade)
The sting hits Jorgrun but does no damage.
Jorgrun is poisoned.
Reach: G) +4 scythe (flame)
Press: ? - help, Dir - move target, f/p - Jorgrun
Aim: Jorgrun, wielding a +0 vorpal quarterstaff and wearing a +0 robe (lightly wounded, poisoned, about 56% to evade your +4 scythe of flaming)
You reach to attack!
You hit Jorgrun. You burn Jorgrun.
Jorgrun is lightly wounded.
Jorgrun points at you and mumbles some strange words.
You are slowing down.
Your limbs are stiffening.
Reach: G) +4 scythe (flame)
Press: ? - help, Dir - move target, f/p - Jorgrun
Aim: Jorgrun, wielding a +0 vorpal quarterstaff and wearing a +0 robe (lightly wounded, poisoned, about 56% to evade your +4 scythe of flaming)
You reach to attack!
You slash Jorgrun! You burn Jorgrun.
Jorgrun is lightly wounded.
Jorgrun hits you but does no damage. Jorgrun barely misses you.
You have turned to stone.
Jorgrun casts a spell at you.
The wall shatters!
The blast of rock fragments hits you!!! Jorgrun gestures at you while chanting.
The iron shot hits you.
Jorgrun hits you with a +0 vorpal quarterstaff!
Jorgrun says, "A few more walls knocked out 'ere an' thar an' 'tis whole place will come crashin' down."
Jorgrun hits you but does no damage.
Jorgrun looks more healthy.
Jorgrun casts a spell at you.
The wall shatters!
The blast of rock fragments hits you!
Jorgrun hits you with a +0 vorpal quarterstaff!
* * * LOW HITPOINT WARNING * * *
x2 Jorgrun hits you with a +0 vorpal quarterstaff!!
* * * LOW HITPOINT WARNING * * *
Jorgrun casts a spell at you. The iron shot hits you!!
You die...

##...$........#
...........#...
........#.....#
.....#.#.........#
...................#.#
....$................###
................g.......
................@.......
................#..###.#
................####
................#.##
...................#
..........####....##
#.#....#.## ###.##
########## ###


You could see Jorgrun.

Vanquished Creatures
  An orc knight (Orc:1)
  Joseph (D:7)
  A meliai zombie (D:8)
  Sigmund (D:6)
  Grum (D:8)
  A warg (Orc:2)
  4 orc warriors
  3 sky beasts
  A black bear (D:5)
  2 necrophages (D:7)
  3 ice beasts
  9 ogres
  3 wolves (D:8)
  A centaur (D:7)
  6 phantoms
  3 bullfrogs (D:6)
  A wyvern skeleton (D:9)
  A scorpion (D:6)
  3 killer bees (D:7)
  3 troll zombies (D:9)
  10 wights
  A howler monkey (D:7)
  A bullfrog zombie (D:7)
  2 hounds
  2 quasits
  3 jellies
  7 orc priests
  2 centaur skeletons
  A gnoll shaman (D:4)
  11 orc wizards
  Ijyb (D:4)
  6 worker ants
  5 ogre zombies (D:9)
  2 hound zombies
  A worker ant zombie (D:9)
  A howler monkey skeleton (D:5)
  3 gnolls (D:4)
  12 adders
  2 white imps (D:8)
  3 ufetubi
  An adder skeleton (D:6)
  A worm (D:5)
  A dart slug (D:4)
  7 leopard geckos
  43 orcs
  7 bats
  3 giant cockroaches
  4 hobgoblins
  6 jackals
  3 quokkas
  5 frilled lizards
  4 goblins
  2 goblin skeletons (D:9)
  5 goblin zombies (D:9)
  A hobgoblin skeleton (D:9)
  2 hobgoblin zombies (D:9)
  2 jackal skeletons
  6 kobolds
  A leopard gecko skeleton (D:8)
  15 orc zombies (D:9)
  A quokka zombie (D:8)
  3 rats
248 creatures vanquished.

Vanquished Creatures (others)
  An orc warrior (Orc:1)
  A sky beast (D:7)
  127 foxfires
129 creatures vanquished.

Grand Total: 377 creatures vanquished

Notes
Turn   | Place    | Note
-------+----------+-------------------------------------------
     0 | D:1      | srzhan31 the Draconian Conjurer began the quest for the
                  | Orb.
     0 | D:1      | Reached XP level 1. HP: 14/14 MP: 3/3
   784 | D:2      | Reached XP level 2. HP: 16/20 MP: 5/5
   824 | D:2      | Found a burning altar of Makhleb.
   847 | D:2      | Found a broken altar of Ashenzari.
  1021 | D:2      | Reached skill level 1 in Fighting
  1021 | D:2      | Reached XP level 3. HP: 14/28 MP: 6/6
  1592 | D:3      | Noticed an ice beast
  1778 | D:3      | Reached skill level 5 in Conjurations
  1778 | D:3      | Reached XP level 4. HP: 35/35 MP: 3/7
  1811 | D:3      | Reached skill level 1 in Polearms
  1915 | D:3      | Learned a level 2 spell: Searing Ray
  2209 | D:3      | Reached XP level 5. HP: 36/40 MP: 3/8
  2527 | D:3      | Killed an ice beast
  2623 | D:4      | Noticed an ogre
  2630 | D:4      | Killed an ogre
  2631 | D:4      | Reached XP level 6. HP: 48/48 MP: 1/10
  2655 | D:4      | Reached skill level 1 in Shields
  2870 | D:4      | Noticed Ijyb
  2891 | D:4      | Killed Ijyb
  2913 | D:4      | Your scales start taking on a dull iron-grey colour.
  2913 | D:4      | Reached XP level 7. HP: 56/56 MP: 5/11
  2913 | D:4      | Gained mutation: You can survive without breathing. [Grey
                  | Draconian growth]
  2913 | D:4      | Gained mutation: You can survive without breathing, even
                  | under water. [Grey Draconian growth]
  3035 | D:4      | Identified the +1 pair of gloves of Agnosticism {rPois
                  | Dex+2}
  3316 | D:5      | Entered Level 5 of the Dungeon
  3343 | D:5      | Learned a level 4 spell: Fulminant Prism
  3481 | D:5      | Reached XP level 8. HP: 58/63 MP: 5/13
  4759 | D:6      | Found a staircase to the Ecumenical Temple.
  4786 | Temple   | Entered the Ecumenical Temple
  5060 | Temple   | Became a worshipper of Sif Muna the Loreminder
  5156 | D:6      | Learned a level 1 spell: Foxfire
  5485 | D:6      | Noticed Sigmund
  5490 | D:6      | Killed Sigmund
  5696 | D:7      | Reached skill level 1 in Fire Magic
  5704 | D:7      | Reached XP level 9. HP: 66/72 MP: 3/15
  5835 | D:7      | Noticed Joseph
  5862 | D:7      | Reached skill level 5 in Polearms
  5867 | D:7      | Killed Joseph
  5868 | D:7      | Reached skill level 5 in Dodging
  5869 | D:7      | Reached * piety under Sif Muna
  6011 | D:7      | Reached skill level 5 in Fighting
  6028 | D:7      | Found a hazy altar of Hepliaklqana.
  6031 | D:7      | Found a shadowy altar of Dithmenos.
  6486 | D:7      | Reached skill level 5 in Spellcasting
  6946 | D:8      | Reached ** piety under Sif Muna
  6958 | D:8      | Reached skill level 5 in Shields
  6958 | D:8      | Reached XP level 10. HP: 81/81 MP: 1/17
  7050 | D:8      | Identified the +2 dagger of Imminent Death {vorpal, Will-
                  | Dex+5}
  7103 | D:8      | Noticed Grum
  7130 | D:8      | Killed Grum
  7131 | D:8      | Reached skill level 1 in Invocations
  7244 | D:8      | Found a radiant altar of Vehumet.
  7405 | D:8      | Found a shimmering altar of Xom.
  7818 | D:9      | Learned a level 5 spell: Fireball
  7825 | D:9      | Found Kilaa's Weapon Shoppe.
  8123 | D:9      | Found a staircase to the Orcish Mines.
  8171 | D:9      | Reached *** piety under Sif Muna
  8454 | D:9      | Identified the Volume of Nocuous Translocation
  8458 | D:9      | Learned a level 1 spell: Sting
  8779 | Orc:1    | Entered Level 1 of the Orcish Mines
  8785 | Orc:1    | Noticed an orc knight
  8826 | Orc:1    | Killed an orc knight
  8947 | Orc:2    | Entered Level 2 of the Orcish Mines
  9169 | Orc:2    | Reached skill level 1 in Poison Magic
  9210 | Orc:2    | Reached **** piety under Sif Muna
  9329 | Orc:2    | Found a staircase to the Elven Halls.
  9376 | Orc:2    | Noticed Azrael
  9411 | Orc:2    | Noticed Jorgrun
  9425 | Orc:2    | Killed from afar by Jorgrun

Illustrated notes

Levels and vault maps discovered:
D:1:      nzn_arrival_crosshair, layout_basic, minmay_pentomino_q4
D:2:      layout_loops_ring, nicolae_overflow_crystal_walls,
          ashenzari_conservatory_becter, minivault_5
D:3:      layout_basic, minmay_strange_pillars, serial_bayou_crossing
D:4:      layout_basic, uniq_ijyb
D:5:      minmay_skewed_foursquare, layout_basic, kennysheep_crisscross
D:6:      layout_basic, minmay_temple_entry_grid, grunt_decor_cap, uniq_sigmund
D:7:      layout_loops_ring, riverfiend_overflow_shadow_ancestor, uniq_joseph
D:8:      layout_loops_ring, brannock_xom_greatest_gift, vehumet_crystals,
          grunt_ministairs_6, uniq_grum
D:9:      layout_roguey, zombieorc2_lemuel, serial_shops, kennysheep_little_box,
          minmay_misc_feat_four_crosses, lightli_orcish_oven
Temple:   regret_index_temple_sphere_string
Orc:1:    layout_caves, trog_hazing_becter
Orc:2:    st_orc_rangers, layout_diamond_mine, uniq_jorgrun, uniq_azrael

Skill      XL: |  1  2  3  4  5  6  7  8  9 10 |
---------------+-------------------------------+-----
Dodging        | 2 3 4 5 6 |  6.4
Fighting       | 1 2 3 4 5 6 |  6.4
Conjurations   | 5 6 7 |  7.7
Stealth        | 2 |  2.3
Polearms       | 1 2 3 4 6 7 |  7.3
Shields        | 1 3 4 5 |  5.0
Spellcasting   | 3 4 5 |  5.8
Fire Magic     | 1 3 |  3.9
Invocations    | 2 |  2.4
Poison Magic   | 1 |  1.1
Hexes          | |  0.3

Action                   |  1- 3 |  4- 6 |  7- 9 | 10-12 || total
-------------------------+-------+-------+-------+-------++-------
Melee: Unarmed           |    30 |     2 |       |       ||    32
       Tailslap          |     5 |     5 |    14 |    11 ||    35
       Spear             |    50 |    56 |   121 |       ||   227
       Scythe            |       |       |    66 |   131 ||   197
 Cast: Magic Dart        |    29 |    20 |     9 |       ||    58
       Searing Ray       |       |     8 |    35 |    14 ||    57
       Foxfire           |       |       |    37 |    35 ||    72
       Fireball          |       |       |       |    13 ||    13
       Sting             |       |       |       |     3 ||     3
Evoke: Wand              |       |       |       |     1 ||     1
  Use: Scroll            |       |     2 |     8 |     2 ||    12
       Potion            |       |       |       |     2 ||     2
 Stab: Sleeping          |     1 |     4 |     7 |     1 ||    13
Armor: Skin              |    20 |     7 |    99 |    60 ||   186
Dodge: Dodged            |    39 |    36 |   121 |   123 ||   319
Block: Other             |    18 |     9 |    58 |    53 ||   138
       Reflection        |       |     2 |     1 |       ||     3

Table legend: (Time is in decaauts)
 A = Elapsed time spent in this place.
 B = Non-inter-level travel time spent in this place.
 C = Inter-level travel time spent in this place.
 D = Time resting spent in this place.
 E = Time spent auto-exploring this place.
 F = Levels seen in this place.
 G = Mean time per level.
                   A        B        C        D        E       F      G
               +--------+--------+--------+--------+--------+-----+--------+
         Total |   9571 |   9571 |      0 |      0 |      0 |  12 |  797.6 |
       Dungeon |   8573 |   8573 |      0 |      0 |      0 |   9 |  952.6 |
        Temple |    318 |    318 |      0 |      0 |      0 |   1 |  318.0 |
  Orcish Mines |    679 |    679 |      0 |      0 |      0 |   2 |  339.5 |
               +--------+--------+--------+--------+--------+-----+--------+

Top non-repeatable levels by time:
     D:5: 1229 daAuts
     D:8: 1156 daAuts
     D:9: 1020 daAuts
     D:7: 1019 daAuts
     D:3: 1003 daAuts
     D:2: 852 daAuts
     D:6: 817 daAuts
     D:1: 762 daAuts
     D:4: 712 daAuts
   Orc:2: 500 daAuts
  Temple: 318 daAuts
   Orc:1: 178 daAuts
